 Dungeon Crawl Stone Soup version 0.22-a0-348-gd16d139 (webtiles) character file.

6495 Kairos the Cleaver (level 11, 0/84 HPs)
             Began as a Formicid Fighter on Apr 7, 2018.
             Was an Elder of Okawaru.
             Slain by a salamander
             ... wielding a +0 halberd
              (5 damage)
             ... in a volcano.
             The game lasted 00:30:31 (10050 turns).

Kairos the Cleaver (Formicid Fighter)              Turns: 10050, Time: 00:30:34

Health: 0/84       AC: 12    Str: 22    XL:     11   Next: 19%
Magic:  10/12      EV:  9    Int: 14    God:    Okawaru [****..]
Gold:   193        SH: 15    Dex: 13    Spells: 9/10 levels left

rFire    + + .     SeeInvis +   u - +2 war axe (flame)
rCold    . . .     Gourm    .   c - +3 shield
rNeg     . . .     Faith    +   K - +1 chain mail of Liberty {MR+ Int+7}
rPois    .         Spirit   .   (helmet unavailable)
rElec    .         Reflect  .   l - scarf {rC+ rF+}
rCorr    .         Harm     .   (no gloves)
MR       ++...                  (no boots)
Stlth    ..........             e - amulet of faith
HPRegen  0.24/turn              w - ring of fire
MPRegen  0.13/turn              v - ring of flight

@: no status effects
A: permanent stasis, dig shafts and tunnels, four strong arms, antennae 3
a: Dig, Shaft Self, Heroism, Renounce Religion, Evoke Flight


You were in a volcano.
You worshipped Okawaru.
Okawaru was greatly pleased with you.
You were not hungry.

You visited 3 branches of the dungeon, and saw 10 of its levels.
You visited the Abyss 1 time.
You also visited: Ossuary and Volcano.

You collected 413 gold pieces.
You spent 220 gold pieces at shops.

Inventory:

Hand Weapons
 g - a +0 lajatang of flaming
 r - a +0 whip of electrocution
 u - a +2 war axe of flaming (weapon)
 y - a +4 quarterstaff of chaos
 G - a +1 antimagic morningstar
 J - a cursed +1 morningstar of freezing
Missiles
 k - 7 javelins (quivered)
Armour
 b - a +0 scale mail
 c - a +3 shield (worn)
 l - a scarf of resistance (worn)
 K - the +1 chain mail of Liberty (worn) {MR+ Int+7}
   (You found it on level 7 of the Dungeon)

   It affects your intelligence (+7).
   It affects your resistance to hostile enchantments.
Jewellery
 e - an amulet of faith (around neck)
 p - an uncursed ring of protection from cold
 v - a ring of flight (right hand)
 w - a ring of fire (left hand)
 D - an uncursed ring of resist corrosion
 E - an uncursed ring of poison resistance
Wands
 s - a wand of disintegration (5)
 C - a wand of flame (53)
 H - a wand of acid (12)
Scrolls
 a - a scroll of enchant armour
 h - 2 scrolls of amnesia
 i - 5 scrolls of remove curse
 x - 2 scrolls of fog
 z - a scroll of enchant weapon {unknown}
 F - 3 scrolls of fear
 I - a scroll of random uselessness {unknown}
Potions
 d - a potion of might
 m - a potion of resistance {unknown}
 n - 2 potions of brilliance
 o - a potion of agility {unknown}
 t - a potion of invisibility {unknown}
 A - 14 potions of curing
 B - a potion of haste {unknown}
 L - a potion of berserk rage {unknown}
Comestibles
 f - 16 rations


   Skills:
 + Level 7.4 Fighting
 + Level 10.7 Axes
 + Level 0.6(6.8) Maces & Flails
 + Level 8.7 Armour
 + Level 3.0 Dodging
 + Level 1.1 Stealth
 + Level 9.0 Shields
 + Level 0.6 Invocations
 + Level 1.5 Evocations


You had 9 spell levels left.
You knew the following spells:

 Your Spells              Type           Power        Failure   Level  Hunger
a - Apportation           Tloc           #.....       88%         1    ##.....


Dungeon Overview and Level Annotations

Branches:
Dungeon (8/15)             Temple (1/1) D:6            Lair (1/6) D:8

Altars:
Ashenzari
Cheibriados
Dithmenos
Fedhas
Gozag
Kikubaaqudgha
Makhleb
Nemelex Xobeh
Okawaru
Qazlal
Ru
Sif Muna
Trog
Uskayaw
Vehumet
Xom
Yredelemnul
Zin
The Shining One

Shops:
D:4 =   D:6 [

Annotations:
D:8 1 runed door


Innate Abilities, Weirdness & Mutations

You cannot be hasted, slowed, berserked, paralysed or teleported.
You can dig through walls and to a lower floor.
Your four strong arms can wield two-handed weapons with a shield.
You have a pair of large antennae on your head. (SInv)


Message History

You are engulfed in flames.
You resist.
* * * LOW HITPOINT WARNING * * *
The salamander hits you but does no damage.
You block the salamander's attack.
You feel much better.
In the distance, the volcano erupts with a roar.
The salamander hits you with a trident!
You are engulfed in flames.
You resist.
* * * LOW HITPOINT WARNING * * *
The salamander hits you with a halberd!
* * * LOW HITPOINT WARNING * * *
You are engulfed in flames.
You resist.
* * * LOW HITPOINT WARNING * * *
The salamander misses you.
You hit the salamander but do no damage.
The salamander is almost dead.
You slash the salamander! You block the salamander's attack.
The salamander hits you with a halberd.
* * * LOW HITPOINT WARNING * * *
You are engulfed in flames.
You resist.
You die...

+$).$.'...#§§
#..≈..#...#§§
#8≈≈≈8#...#≈≈
+..≈..'..## ≈
+..)..p..# ≈≈#
{#8...8#.##≈
§≈§###..N..###§§
#≈≈≈≈≈NN...≈≈≈§≈
##§§≈≈8@..8≈≈≈≈§
###≈≈.....≈≈≈≈≈
#≈≈.....§≈≈##
##≈8...8≈≈≈#
##.....####
#.....# #8...8#
#.....# #.....#


You could see a hell knight and 3 salamanders.

Vanquished Creatures
  A salamander mystic (Volcano)
  Psyche (D:8)
  A troll (D:8)
  4 blink frogs (Lair:1)
  3 hippogriffs (D:7)
  Grum (D:8)
  Eustachio (D:4)
  A porcupine (Lair:1)
  3 ice beasts
  A sky beast (D:6)
  A black bear (D:7)
  A necrophage (D:7)
  2 phantoms
  8 wolves
  3 centaurs
  2 ogres (D:7)
  A crocodile (Lair:1)
  2 big kobolds (D:8)
  2 scorpions
  7 wights
  3 electric eels (D:8)
  3 howler monkeys
  A crimson imp (D:5)
  A jelly (D:6)
  A centaur zombie (D:5)
  5 hounds
  2 quasits (D:8)
  An orc priest (D:4)
  Crazy Yiuf (D:3)
  Terence (D:3)
  3 iguanas
  4 worker ants
  Ijyb (D:2)
  5 orc wizards
  2 big kobold zombies (Ossuary)
  A hound zombie (D:3)
  3 mummies
  A worker ant zombie (D:8)
  A howler monkey skeleton (D:6)
  4 gnolls (D:2)
  10 adders
  A shadow imp (D:5)
  An ooze (D:2)
  8 adder zombies
  2 worms
  4 dart slugs
  7 leopard geckos
  17 orcs
  A ball python (D:1)
  10 bats
  2 giant cockroaches
  4 goblins
  8 hobgoblins
  8 jackals
  24 kobolds
  8 quokkas
  5 frilled lizards
  A goblin zombie (D:8)
  10 hobgoblin zombies (Ossuary)
  A jackal skeleton (D:5)
  A jackal zombie (Ossuary)
  7 kobold zombies (Ossuary)
  A leopard gecko skeleton (D:4)
  8 orc zombies (Ossuary)
  3 rats
  3 rat zombies (Ossuary)
  4 fungi (D:3)
249 creatures vanquished.

Notes
Turn   | Place    | Note
-------+----------+-------------------------------------------
     0 | D:1      | Kairos the Formicid Fighter began the quest for the Orb.
     0 | D:1      | Reached XP level 1. HP: 18/18 MP: 1/1
    29 | D:1      | Reached XP level 2. HP: 24/24 MP: 2/2
   214 | D:1      | Reached XP level 3. HP: 28/30 MP: 3/3
   635 | D:2      | Reached XP level 4. HP: 35/37 MP: 4/4
   963 | D:2      | Reached skill level 3 in Axes
   976 | D:2      | Reached XP level 5. HP: 25/42 MP: 5/5
  1395 | D:3      | Noticed Ijyb
  1417 | D:2      | HP: 2/42 [disintegration (5)]
  1421 | D:2      | Killed Ijyb
  1748 | D:3      | Noticed Terence
  1760 | D:3      | Killed Terence
  1760 | D:3      | Reached XP level 6. HP: 48/48 MP: 6/6
  1937 | D:3      | Found a shadowy altar of Dithmenos.
  2185 | D:3      | Reached skill level 4 in Axes
  2596 | D:3      | Found a runed door.
  2600 | D:3      | Noticed Crazy Yiuf
  2607 | D:3      | Killed Crazy Yiuf
  2825 | D:4      | Reached skill level 1 in Dodging
  2867 | D:4      | Found a shadowy altar of Dithmenos.
  2880 | D:4      | Found a bloodstained altar of Trog.
  2880 | D:4      | Noticed Eustachio
  2913 | D:4      | Killed Eustachio
  2913 | D:4      | Reached skill level 5 in Shields
  2913 | D:4      | Reached XP level 7. HP: 51/55 MP: 7/7
  2940 | D:4      | Reached skill level 5 in Armour
  2961 | D:4      | Found Tabigh's Jewellery Boutique.
  3124 | D:4      | Found a deep blue altar of Sif Muna.
  3253 | D:5      | Entered Level 5 of the Dungeon
  3292 | D:5      | Reached skill level 5 in Axes
  3362 | D:5      | Reached XP level 8. HP: 51/61 MP: 8/8
  3804 | D:5      | Reached skill level 5 in Fighting
  3835 | D:5      | Reached skill level 6 in Axes
  4113 | D:5      | Reached skill level 1 in Stealth
  4215 | D:4      | Bought an uncursed ring of poison resistance for 220 gold pieces
  4249 | D:6      | Found a shattered altar of Ashenzari.
  4286 | D:6      | Found Katolataa's Armour Shoppe.
  4411 | D:6      | Found an ancient bone altar of Kikubaaqudgha.
  4414 | D:6      | Found a stormy altar of Qazlal.
  4426 | D:6      | Reached skill level 7 in Axes
  4426 | D:6      | Reached XP level 9. HP: 37/68 MP: 9/9
  4577 | D:6      | Found a staircase to the Ecumenical Temple.
  4740 | Temple   | Entered the Ecumenical Temple
  4780 | Temple   | Became a worshipper of Warmaster Okawaru
  4932 | D:6      | Found a snail-covered altar of Cheibriados.
  5115 | D:6      | Found a sacrificial altar of Ru.
  5115 | D:6      | Found a basalt altar of Yredelemnul.
  5116 | D:6      | Found a glowing golden altar of the Shining One.
  5241 | D:7      | Noticed a hippogriff
  5249 | D:7      | Killed a hippogriff
  5249 | D:7      | Reached * piety under Okawaru
  5249 | D:7      | Reached skill level 8 in Axes
  5392 | D:7      | Found a sand-covered staircase.
  5401 | Ossuary  | Entered an ossuary
  5701 | D:7      | Noticed a hippogriff
  5708 | D:7      | Killed a hippogriff
  5936 | D:7      | Reached XP level 10. HP: 76/76 MP: 10/10
  5939 | D:7      | Learned a level 1 spell: Apportation
  5971 | D:7      | Reached skill level 9 in Axes
  5974 | D:7      | Reached ** piety under Okawaru
  6152 | D:7      | Got a distressingly furry chain mail
  6163 | D:7      | Identified the +1 chain mail of Liberty {MR+ Int+7} (You found it on level 7 of the Dungeon)
  6849 | D:8      | Found a staircase to the Lair.
  7125 | D:8      | Noticed Psyche
  7129 | D:8      | Cast into level 1 of the Abyss (Psyche)
  7198 | D:8      | Escaped the Abyss
  7214 | D:8      | Killed Psyche
  7923 | D:8      | Reached *** piety under Okawaru
  7928 | D:8      | Noticed Grum
  7938 | D:8      | Killed Grum
  8013 | D:8      | Found a runed door.
  8015 | D:8      | Found a basalt altar of Yredelemnul.
  8854 | D:8      | Reached skill level 10 in Axes
  9568 | Lair:1   | Entered Level 1 of the Lair of Beasts
  9574 | Lair:1   | Reached skill level 1 in Evocations
  9655 | Lair:1   | Found a dark tunnel.
  9668 | Lair:1   | Reached **** piety under Okawaru
  9677 | Lair:1   | Reached XP level 11. HP: 38/84 MP: 10/12
  9983 | Volcano  | Entered a volcano
 10001 | Volcano  | Noticed a salamander mystic
 10011 | Volcano  | Killed a salamander mystic
 10012 | Volcano  | Found a burning altar of Makhleb.
 10017 | Volcano  | Noticed a hell knight
 10020 | Volcano  | Noticed a salamander
 10028 | Volcano  | Noticed a salamander
 10029 | Volcano  | Noticed a salamander
 10050 | Volcano  | Slain by a salamander

Vault maps used:
D:1:      shiori_arrival_oz, bh_walls_and_bars
D:3:      nicolae_dithmenos_through_a_glass_darkly, uniq_ijyb,
          uniq_crazy_yiuf_cottage, uniq_terence
D:4:      nicolae_overflow_crystal_walls, grunt_temple_overflow_open,
          first_ration, serial_shops, shop, uniq_eustachio
D:5:      nrook_mini_backslash
D:6:      nicolae_overflow_hidden_temple, ashenzari_conservatory_becter,
          slow_altar_1, gammafunk_temple_overflow_claw,
          minmay_temple_entry_large_hall, serial_shops, shop
D:7:      enter_ossuary_3, minmay_misc_feat_rows, grunt_ogre_cave,
          kennysheep_generic_room_15
D:8:      erik_lair_island, dk_yredelemnul_ordeal, uniq_grum, uniq_psyche
Temple:   kb_temple_of_zot
Lair:1:   enter_volcano_4, grunt_megastairs_2
Ossuary:  ossuary_tomb_1
Volcano:  kennysheep_volcano_temple

Skill      XL: |  1  2  3  4  5  6  7  8  9 10 11 |
---------------+----------------------------------+-----
Shields        | 4 5 6 7 8 9 |  9.0
Fighting       | 4 5 6 7 |  7.4
Axes           | 3 4 5 7 8 10 | 10.7
Armour         | 4 5 6 7 8 |  8.7
Dodging        | 1 2 3 |  3.0
Stealth        | 1 |  1.1
Evocations     | 1 |  1.5
Maces & Flails | |  0.6
Invocations    | |  0.6

Action                   |  1- 3 |  4- 6 |  7- 9 | 10-12 || total
-------------------------+-------+-------+-------+-------++-------
Melee: War axe           |    90 |   211 |   335 |   192 ||   828
       Whip              |       |    30 |       |       ||    30
Invok: Heroism           |       |       |       |     7 ||     7
 Abil: Dig               |       |       |       |     1 ||     1
       Evoke Flight      |       |       |       |     1 ||     1
Evoke: Wand              |       |       |       |     7 ||     7
  Use: Potion            |       |     1 |       |     4 ||     5
       Scroll            |       |     6 |     5 |     5 ||    16
  Eat: Ration            |       |     2 |       |     1 ||     3
       Chunk             |       |     1 |    10 |     9 ||    20
Armor: Scale mail        |    73 |   101 |    73 |     2 ||   249
       Chain mail        |       |       |       |    70 ||    70
Dodge: Dodged            |    22 |    83 |    92 |    57 ||   254
Block: Shield            |    56 |   124 |   176 |   169 ||   525

Table legend:
 A = Spawn XP
 B = Non-spawn XP
 C = Spawn XP percentage of total XP
 D = Spawn monster count
 E = Non-spawn monster count
 F = Spawn count percentage of total count
 G = Total turns spent on level
                    A         B        C        D         E        F      G
               +---------+---------+-------+---------+---------+-------+---------
         Total |       0 |    9279 |   0.0 |       0 |     245 |   0.0 | 10050
               +---------+---------+-------+---------+---------+-------+---------
           D:1 |       0 |      51 |   0.0 |       0 |      25 |   0.0 |   596
           D:2 |       0 |     172 |   0.0 |       0 |      26 |   0.0 |  1103
           D:3 |       0 |     166 |   0.0 |       0 |      24 |   0.0 |  1100
           D:4 |       0 |     387 |   0.0 |       0 |      15 |   0.0 |   498
           D:5 |       0 |     904 |   0.0 |       0 |      26 |   0.0 |   952
           D:6 |       0 |     943 |   0.0 |       0 |      24 |   0.0 |   850
           D:7 |       0 |    1883 |   0.0 |       0 |      21 |   0.0 |  1164
           D:8 |       0 |    2046 |   0.0 |       0 |      35 |   0.0 |  2894
        Lair:1 |       0 |    1795 |   0.0 |       0 |      10 |   0.0 |   415
       Ossuary |       0 |     145 |   0.0 |       0 |      38 |   0.0 |   233
       Volcano |       0 |     787 |   0.0 |       0 |       1 |   0.0 |    67
               +---------+---------+-------+---------+---------+-------+---------
